 Dungeon Crawl Stone Soup version 0.29.1-1-gd02db6906a (webtiles) character file.

Game seed: 3052409799459827867

121 RogueRain17 the Slasher (level 4, -1/33 HPs)
             Began as a Demonspawn Gladiator on Sept 21, 2022.
             Succumbed to a kobold's poison
             ... on level 3 of the Dungeon.
             The game lasted 00:04:20 (2008 turns).

RogueRain17 the Slasher (Demonspawn Gladiator)      Turns: 2008, Time: 00:04:20

Health: -1/33      AC:  9    Str: 17    XL:     4   Next: 76%
Magic:  4/4        EV: 12    Int:  9    God:
Gold:   133        SH:  0    Dex: 12    Spells: 3/3 levels left

rFire   + . .      SeeInvis .   a - +0 long sword
rCold   . . .      Faith    +   (no shield)
rNeg    . . .      Spirit   .   i - +3 leather armour
rPois   .          Reflect  .   c - +0 helmet
rElec   .          Harm     .   (no cloak)
rCorr   .          Rampage  .   (no gloves)
Will    .....                   (no boots)
Stlth   +.........              m - amulet of faith
HPRegen 0.11/turn               f - ring of protection from fire
MPRegen 0.09/turn               (no ring)

@: lethally poisoned (-1 -> -19)
A: icy blue scales 1, powered by death 1, clumsy 1, noise suppression
a: no special abilities


You were on level 3 of the Dungeon.
You visited 1 branch of the dungeon, and saw 3 of its levels.

You collected 133 gold pieces.

Inventory:

Hand Weapons
 a - a +0 long sword (weapon)
Missiles
 d - 3 throwing nets (quivered)
 e - a javelin
Armour
 b - a +0 leather armour
 c - a +0 helmet (worn)
 i - a +3 leather armour (worn)
 x - a scarf of invisibility
Jewellery
 f - a ring of protection from fire (left hand)
 m - an amulet of faith (around neck)
Scrolls
 g - a scroll of noise {unknown}
 h - 2 scrolls of vulnerability {unknown}
 j - a scroll of enchant armour {unknown}
 k - 2 scrolls of magic mapping {unknown}
 o - a scroll of summoning {unknown}
 p - a scroll of poison {unknown}
 r - a scroll of fear {unknown}
 s - 2 scrolls of identify {unknown}
 t - a scroll of brand weapon {unknown}
 v - a scroll of fog {unknown}
Potions
 n - 2 potions of brilliance {unknown}
 q - 2 potions of curing {unknown}
 u - 2 potions of heal wounds {unknown}
 w - 2 potions of haste {unknown}


   Skills:
 - Level 2.0 Fighting
 * Level 4.4 Long Blades
 - Level 1.7 Throwing
 + Level 3.6 Dodging


You had 3 spell levels left.
You didn't know any spells.
Your spell library contained the following spells:

 Spells                   Type           Power      Damage    Failure   Level
 Ensorcelled Hibernation  Hex/Ice        0%         N/A       58%         2
 Spider Form              Tmut/Pois      0%         N/A       83%         3
 Anguish                  Hex/Necr       0%         N/A       99%         4


Dungeon Overview and Level Annotations

Branches:
Dungeon (3/15)

Altars:

Shops:
D:3 (


Innate Abilities, Weirdness & Mutations

You are partially covered in icy blue scales. (AC +2)
You regenerate a little health from kills.
You are clumsy. (Dex -2)
You passively dampen the noise of your surroundings.


Message History

The kobold attacks as you move away! The kobold hits you but does no damage.
You feel very sick. The dart slug barely misses you.
The orc attacks as you move away! The orc barely misses you.
Found an escape hatch in the floor.
You feel sick.
A dart slug comes into view.
You feel sick. The orc attacks as you move away! The orc barely misses you.
The orc attacks as you move away! The orc barely misses you.
You feel sick. The orc attacks as you move away! The orc barely misses you.
You feel sick. The orc attacks as you move away! The orc closely misses you.
You feel sick.
You hit the orc but do no damage.
You feel sick. The orc completely misses you.
The dart slug briefly extends its eye-stalks.
You feel sick.
You are no longer poisoned.
The orc attacks as you move away! The orc hits you with a +0 falchion.
* * * LOW HITPOINT WARNING * * *
Unknown command.
The orc attacks as you move away! The orc closely misses you.
The orc attacks as you move away! The orc hits you but does no damage.
You hit the orc.
The orc is heavily wounded.
The orc completely misses you. The orc closely misses you.
You hit the orc.
You kill the orc!
You closely miss the orc. The orc hits you with a +0 flail.
* * * LOW HITPOINT WARNING * * *
You closely miss the orc. The orc hits you with a +0 flail.
* * * LOW HITPOINT WARNING * * *
You slash the orc!
You kill the orc!
You closely miss the kobold. The kobold hits you but does no damage.
You are lethally poisoned!
The kobold hits you with a +2 dagger of venom.
* * * LOW HITPOINT WARNING * * *
You are more poisoned.
It was a potion of mutation.
You feel extremely strange.
You feel your surroundings grow quieter.
You feel clumsy.
You die...

#...<.... #........
o.####..o)....
o......o......
.####K.......
#..#####.
#######..####~#
########oo........#≈≈≈
#....@Kwow....w....≈≈≈
#.#############...≈~≈≈
##.~~≈≈≈ .~#~≈≈ .w#~~≈
#~~≈~~ ≈≈≈≈ ≈≈≈≈ w#≈≈


You could see 2 dart slugs, 3 orcs and a kobold.

Vanquished Creatures
  3 adders (D:2)
  10 dart slugs
  4 orcs (D:3)
  10 ball pythons
  4 bats
  5 endoplasms
  A giant cockroach (D:1)
  4 goblins
  9 hobgoblins (D:2)
  A quokka (D:2)
  6 frilled lizards
  9 kobolds
  5 rats
71 creatures vanquished.

Notes
Turn   | Place    | Note
-------+----------+-------------------------------------------
     0 | D:1      | RogueRain17 the Demonspawn Gladiator began the quest for
                  | the Orb.
     0 | D:1      | Reached XP level 1. HP: 16/16 MP: 1/1
    81 | D:1      | Reached skill level 3 in Long Blades
    82 | D:1      | Gained mutation: You regenerate a little health from kills.
                  | [demonic ancestry]
    82 | D:1      | Reached XP level 2. HP: 15/22 MP: 2/2
   335 | D:1      | Found a faded altar of an unknown god.
   633 | D:2      | Reached XP level 3. HP: 24/27 MP: 3/3
  1056 | D:2      | Reached skill level 4 in Long Blades
  1058 | D:2      | Gained mutation: You are partially covered in icy blue
                  | scales. (AC +2) [demonic ancestry]
  1058 | D:2      | Reached XP level 4. HP: 33/33 MP: 4/4
  1838 | D:3      | Found Alyg Ufe's Weapon Shoppe.
  2008 | D:3      | Gained mutation: You passively dampen the noise of your
                  | surroundings. [potion of mutation]
  2008 | D:3      | Gained mutation: You are clumsy. (Dex -2) [potion of
                  | mutation]
  2008 | D:3      | Succumbed to a kobold's poison

Illustrated notes

Levels and vault maps discovered:
D:1:      lightli_arrival_flooded_house, layout_rooms,
          shapermc_ecumenical_altar_mp_highgroup
D:2:      minmay_thinvault, layout_loops_corners, serial_glass, glass_columns_b,
          glass_columns_a, st_stairs_7
D:3:      kennysheep_slugbush, layout_rooms,
          mainiacjoe_overflow_small_starburst, ebering_ghost_sewer_f,
          serial_shops, shop

Skill      XL: |  1  2  3 |
---------------+----------+-----
Long Blades    | 3 4 |  4.4
Dodging        | 3 |  3.6
Fighting       | |  2.0
Throwing       | |  1.7

Action                   |  1- 3 |  4- 6 || total
-------------------------+-------+-------++-------
Melee: Long sword        |    89 |   133 ||   222
       Punch             |     1 |       ||     1
  Use: Potion            |       |     1 ||     1
 Stab: Sleeping          |     1 |       ||     1
Armor: Leather armour    |    47 |    66 ||   113
Dodge: Dodged            |    54 |   136 ||   190
